cohdb
Replays
Latest Replays
All Replays
Popular Replays
Top Player Replays
Match Explorer
How It Works
Community
CoH3 Stats
Reddit
Sign in to upload your games and track your stats! →
Sign in with Steam
Match 40099297
Unlisted
Match 40099297
Overview
Messages
Build Orders
End
Scout Squad
Construct Barracks
Scout Squad
Riflemen Squad
Engineer Squad
Riflemen Squad
Infantry Support Center
Construct Weapon Support Center
Bazooka Squad
.30 cal Machine Gun
M1918 Browning Automatic Rifles
.30 cal Machine Gun
Kkalua_Milk
Assistant tothe Regional Manager
steam15558698719
Bighazelnut
0
0
Comments
sign in to comment!
No comments posted yet!